Map: Forgotten Sanctuary

Players

Infamous

  • Race: Protoss Protoss
  • League: Silver
  • Spawn Location: 3:00

Chel

  • Race: Zerg Zerg
  • Spawn Location: 6:00

DANTE

  • Race: Terran Terran
  • Spawn Location: 3:00

ossamo

  • Race: Protoss Protoss
  • League: Silver
  • Spawn Location: 6:00

shadow

  • Race: Terran Terran
  • League: Bronze
  • Spawn Location: 12:00

bill

  • Race: Protoss Protoss
  • Spawn Location: 9:00

jonnnhowss

  • Race: Protoss Protoss
  • Spawn Location: 9:00

Slug

  • Race: Terran Terran
  • Spawn Location: 12:00

VOD

Have the link to the VOD?

Description

Time

  • Played on: March 14, 2018, 2:59 p.m.
  • Length: 16:27
Show
View Real Time Build Order
Export as new Build Order

Infamous Protoss 

Build Orders: Oracle Opening 

Get SALT Encoding   

  12  0:01  Probe  
  13  0:13  Probe  
  14  0:19  Pylon  
  14  0:38  Gateway  
  14  0:41  Probe (Chrono Boost)  
  15  0:54  Probe (Chrono Boost)  
  16  0:59  Probe (Chrono Boost)  
  16  1:04  Assimilator  
  17  1:25  Cybernetics Core  
  17  1:36  Probe  
  18  1:55  Probe  
  18  1:59  Warp Gate (Chrono Boost)  
  18  2:01  Pylon  
  18  2:10  Assimilator  
  18  2:20  Pylon  
  18  2:28  Probe (Chrono Boost)  
  19  2:43  Zealot  
  21  2:49  Stargate  
  21  3:02  Gateway x2  
  21  3:03  Probe  
  22  3:33  Forge, Oracle  
  25  3:44  Probe  
  26  3:54  Nexus  
  26  3:55  Pylon  
  26  4:09  Stalker x2  
  30  4:16  Oracle  
  33  4:18  Probe  
  34  4:30  Probe  
  35  4:42  Pylon  
  35  4:43  Stalker  
  37  4:47  Zealot  
  39  4:55  Probe  
  39  4:59  Oracle  
  43  5:05  Sentry  
  45  5:18  Probe x2  
  47  5:30  Probe  
  48  5:39  Gateway  
  48  5:41  Gateway  
  48  6:25  Probe x2  
  47  6:28  Stalker x3  
  53  6:37  Assimilator  
  53  6:41  Assimilator  
  53  6:43  Probe, Gateway  
  53  6:45  Oracle  
  57  6:51  Protoss Air Weapons Level 1 (Chrono Boost)  
  57  6:56  Zealot x3  
  57  6:57  Zealot  
  65  7:11  Probe x2  
  67  7:18  Twilight Council  
  67  7:22  Oracle  
  67  8:03  Oracle  
  67  8:11  Stalker  
  69  8:21  Pylon  
  69  8:24  Pylon  
  69  8:28  Pylon  
  69  8:32  Pylon  
  69  8:36  Templar Archives  
  69  8:41  Sentry  
  69  8:42  Sentry x5  
  81  8:54  Protoss Ground Armor Level 1 (Chrono Boost)  
  81  9:15  Probe x2  
  81  9:16  Forge  
  83  9:20  Stalker x3  
  83  9:21  Stalker x3  
  95  9:39  Oracle  
  95  9:41  Psionic Storm  
  98  9:48  Protoss Ground Weapons Level 1 (Chrono Boost)  
  98  9:56  Probe x2  
  100  10:07  Zealot  
  102  10:21  Pylon  
  102  10:24  Pylon  
  102  10:28  Pylon  
  99  11:45  Oracle  
  93  11:56  High Templar x3  
  93  11:57  High Templar x3  
  105  12:02  Protoss Ground Armor Level 2 (Chrono Boost), Archon x3  
  105  12:17  Protoss Ground Weapons Level 2 (Chrono Boost)  
  105  12:22  Oracle (Chrono Boost)  
  108  12:50  Oracle (Chrono Boost)  
  108  12:52  High Templar  
  108  12:53  High Templar  
  108  12:56  Zealot  
  117  12:58  Zealot  
  102  13:49  Archon  
  102  14:06  Stalker x2  
  102  14:07  Stalker x4  
  114  14:48  Sentry  
  114  14:49  Sentry x4  
  114  14:50  Sentry  
  88  15:36  Stalker x2  
  88  15:37  Stalker x4  
Show
View Real Time Build Order
Export as new Build Order

Chel Zerg 

Build Orders: Pool First 

Get SALT Encoding   

  12  0:04  Drone  
  13  0:21  Drone  
  14  0:24  Overlord  
  14  0:41  Spawning Pool  
  13  0:47  Drone x2  
  13  0:48  Drone  
  16  1:07  Evolution Chamber  
  16  1:10  Drone  
  16  1:12  Drone  
  17  1:32  Extractor  
  16  1:34  Zergling x2  
  16  1:35  Zergling x2  
  18  1:46  Drone  
  19  2:03  Drone  
  20  2:16  Zergling x2  
  20  2:17  Zergling x2  
  20  2:19  Hatchery  
  21  2:59  Zergling x2  
  21  3:00  Overlord  
  21  3:01  Overlord  
  22  3:12  Overlord  
  22  3:29  Drone  
  23  3:39  Drone  
  24  3:41  Lair  
  24  3:54  Pneumatized Carapace  
  24  3:56  Zergling x2  
  24  3:57  Zergling x4  
  27  4:36  Roach Warren  
  26  4:38  Drone x2  
  26  4:39  Drone  
  26  4:45  Zergling x6  
  32  5:03  Infestation Pit  
  31  5:17  Extractor  
  31  5:21  Extractor  
  29  5:22  Roach x3  
  29  5:27  Roach  
  37  5:31  Zergling x2  
  37  5:32  Zergling x2  
  39  5:48  Zergling x2  
  40  5:55  Drone x2  
  42  6:15  Baneling Nest  
  41  6:20  Drone x3  
  44  6:31  Drone x3  
  47  6:47  Drone  
  48  6:49  Zergling x2  
  49  6:56  Drone x2  
  51  7:04  Roach Warren  
  50  7:10  Roach  
  52  7:20  Nydus Network  
  51  7:25  Spire  
  50  7:38  Hive  
  50  7:43  Drone x2  
  50  8:13  Zergling x2  
  51  8:29  Extractor  
  50  8:43  Overlord x2  
  50  8:44  Overlord  
  50  8:56  Zergling x2  
  50  8:59  Overlord  
  50  9:00  Overlord  
  51  9:13  Mutalisk x2  
  55  9:19  Zergling x4  
  57  9:26  Zergling x2  
  58  9:41  Hatchery  
  58  9:43  Drone x2  
  59  9:59  Mutalisk x3  
  65  10:32  Mutalisk x2  
  69  10:38  Zergling x6  
  72  10:45  Hatchery  
  71  10:51  Hatchery  
  71  10:54  Mutalisk  
  72  11:06  Mutalisk x2  
  76  11:18  Drone x3  
  79  11:29  Roach x2  
  79  11:30  Roach  
  85  11:38  Ultralisk Cavern  
  84  11:45  Spore Crawler  
  83  11:50  Spore Crawler  
  82  11:56  Mutalisk  
  82  11:57  Mutalisk x2  
  88  12:04  Mutalisk x3  
  94  12:15  Mutalisk x2  
  94  12:20  Mutalisk x2  
  102  12:27  Mutalisk  
  104  12:56  Drone x2  
  104  12:57  Drone  
  107  13:03  Drone x2  
  109  13:06  Overlord  
  109  13:15  Extractor  
  109  13:17  Extractor  
  107  13:28  Mutalisk x3  
  113  13:52  Overlord x3  
  113  14:01  Drone x3  
  116  14:16  Ultralisk x2  
  128  14:21  Ultralisk  
  134  14:30  Zergling x6  
  137  14:34  Zergling x6  
  140  14:39  Zergling x2  
  141  14:55  Hydralisk Den  
  140  15:06  Extractor  
  84  15:25  Mutalisk x3  
  90  15:29  Mutalisk x3  
Show
View Real Time Build Order
Export as new Build Order

DANTE Terran 

Build Orders:  

Get SALT Encoding   

  12  0:48  SCV  
  13  1:00  SCV  
  13  1:01  Supply Depot  
  14  1:12  SCV  
  15  1:24  Supply Depot, SCV  
  16  1:36  SCV  
  17  1:41  Refinery  
  17  1:46  Supply Depot, Refinery  
  17  1:48  SCV  
  18  2:01  SCV  
  19  2:09  Supply Depot  
  19  2:15  SCV  
  20  2:27  SCV  
  21  2:39  SCV  
  23  2:51  SCV  
  23  3:01  Supply Depot  
  23  3:03  SCV  
  23  3:33  Barracks  
  23  4:22  Orbital Command  
  23  4:29  Factory  
  23  4:46  Command Center  
  23  4:48  SCV  
  24  5:04  SCV  
  25  5:14  Factory  
  25  5:15  Factory Tech Lab  
  25  5:16  SCV  
  26  5:28  SCV  
  26  5:35  Armory  
  27  5:41  Siege Tank, SCV  
  31  5:53  SCV  
  32  6:00  Refinery, Factory Tech Lab  
  32  6:13  Siege Tank  
  35  6:24  Armory  
  35  6:25  Refinery  
  35  6:26  SCV  
  36  6:38  SCV  
  37  6:41  Starport  
  37  6:50  SCV  
  38  7:02  SCV  
  39  7:11  Armory  
  39  7:14  SCV  
  40  7:19  SCV  
  40  7:20  Starport  
  41  7:26  SCV  
  41  7:28  Starport Reactor  
  42  7:31  SCV  
  43  7:39  SCV  
  43  7:43  SCV, Terran Vehicle And Ship Armor Level 1  
  45  7:49  Terran Vehicle Weapons Level 1  
  45  7:51  SCV  
  46  7:55  SCV  
  46  7:57  Starport  
  47  7:59  Thor x2  
  47  8:03  SCV  
  47  8:05  Starport Reactor  
  60  8:07  SCV  
  60  8:09  Terran Ship Weapons Level 1  
  61  8:29  Supply Depot  
  61  8:32  Orbital Command  
  61  8:35  Starport  
  61  8:37  Starport Reactor  
  61  8:42  Thor  
  67  8:51  Supply Depot  
  67  9:13  Starport Reactor  
  67  9:14  Supply Depot  
  67  9:18  Command Center  
  67  9:36  Supply Depot  
  67  9:53  Terran Vehicle And Ship Armor Level 2  
  67  9:54  Terran Vehicle Weapons Level 2  
  67  9:59  Supply Depot  
  67  10:02  Viking x5  
  67  10:03  Viking x3  
  83  10:22  Supply Depot  
  83  10:32  Viking  
  83  10:34  Refinery  
  85  10:38  Orbital Command  
  85  10:44  Supply Depot  
  85  10:51  Terran Ship Weapons Level 2  
  85  11:00  Refinery  
  85  11:08  Supply Depot  
  85  11:30  Supply Depot  
  85  11:42  Liberator x3  
  85  11:43  Liberator x5  
  109  12:07  Thor  
  115  12:18  Supply Depot  
  115  12:40  Supply Depot  
  101  13:03  Supply Depot  
  73  13:22  Thor x2  
  73  13:25  Supply Depot  
  85  13:48  Supply Depot  
  85  14:05  Thor x2  
  85  14:07  Viking x7  
  85  14:08  Viking  
  113  14:11  Supply Depot  
  113  14:34  Supply Depot  
  113  14:36  Viking  
  113  14:37  Viking  
  117  14:48  Thor x2  
  129  14:57  Supply Depot  
  126  15:21  Supply Depot  
Show
View Real Time Build Order
Export as new Build Order

ossamo Protoss 

Build Orders:  

Get SALT Encoding   

  12  0:28  Pylon  
  12  0:35  Pylon, Probe (Chrono Boost)  
  13  0:45  Probe (Chrono Boost)  
  13  0:49  Gateway  
  14  0:50  Probe (Chrono Boost)  
  15  1:02  Probe  
  16  1:12  Gateway  
  16  1:14  Probe (Chrono Boost), Assimilator  
  17  1:23  Probe (Chrono Boost)  
  18  1:46  Nexus  
  20  1:54  Zealot (Chrono Boost)  
  20  1:59  Zealot (Chrono Boost)  
  22  2:10  Cybernetics Core  
  22  2:17  Assimilator  
  22  2:23  Zealot (Chrono Boost)  
  24  2:40  Zealot  
  26  2:46  Forge  
  26  2:52  Warp Gate  
  26  2:54  Adept  
  28  3:04  Pylon  
  28  3:25  Stargate  
  28  3:27  Protoss Ground Weapons Level 1  
  28  3:33  Probe (Chrono Boost)  
  29  3:44  Probe (Chrono Boost)  
  29  3:47  Probe (Chrono Boost)  
  31  3:54  Probe (Chrono Boost)  
  31  3:55  Probe (Chrono Boost)  
  33  4:13  Probe (Chrono Boost)  
  34  4:18  Pylon  
  34  4:19  Assimilator  
  34  4:22  Probe (Chrono Boost)  
  34  4:23  Adept  
  37  4:25  Adept  
  37  4:27  Probe (Chrono Boost)  
  32  5:07  Void Ray (Chrono Boost)  
  32  5:10  Protoss Air Weapons Level 1  
  32  5:12  Zealot x2  
  40  5:22  Probe (Chrono Boost), Robotics Facility  
  41  5:32  Pylon, Probe (Chrono Boost)  
  43  5:37  Probe (Chrono Boost)  
  44  5:42  Probe (Chrono Boost)  
  44  5:44  Probe (Chrono Boost)  
  44  5:49  Probe (Chrono Boost)  
  46  5:50  Void Ray (Chrono Boost)  
  50  6:10  Observer  
  51  6:15  Assimilator  
  51  6:16  Pylon  
  51  6:27  Probe  
  51  6:30  Phoenix (Chrono Boost)  
  51  6:31  Immortal  
  58  6:37  Pylon  
  58  6:39  Probe  
  49  7:24  Stalker x2  
  49  7:28  Void Ray  
  57  7:31  Immortal  
  57  7:54  Nexus  
  57  8:02  Pylon  
  57  8:03  Probe (Chrono Boost)  
  57  8:05  Pylon  
  58  8:10  Immortal  
  63  8:13  Probe (Chrono Boost), Zealot  
  63  8:14  Zealot  
  67  8:21  Pylon  
  67  8:44  Assimilator  
  67  8:48  Pylon  
  67  8:49  Immortal  
  67  8:51  Fleet Beacon  
  67  8:54  Shield Battery  
  67  8:55  Probe (Chrono Boost)  
  72  9:04  Probe (Chrono Boost)  
  72  9:06  Robotics Bay  
  72  9:09  Probe (Chrono Boost), Zealot  
  72  9:35  Zealot  
  72  9:37  Tempest  
  80  9:42  Immortal  
  84  9:49  Probe (Chrono Boost)  
  85  9:56  Stargate  
  86  10:00  Probe (Chrono Boost)  
  86  10:04  Probe (Chrono Boost)  
  86  10:05  Protoss Shields Level 1  
  87  10:11  Protoss Air Weapons Level 2 (Chrono Boost)  
  87  10:15  Probe  
  88  10:27  Probe  
  75  10:39  Probe  
  58  10:49  Zealot x2  
  61  10:54  Tempest  
  67  10:59  Stargate  
  67  11:02  Assimilator  
  67  11:04  Pylon  
  67  11:05  Probe (Chrono Boost)  
  67  11:08  Pylon, Colossus (Chrono Boost)  
  74  11:14  Graviton Catapult (Chrono Boost)  
  74  11:15  Probe (Chrono Boost)  
  74  11:17  Extended Thermal Lance (Chrono Boost)  
  75  11:20  Probe (Chrono Boost)  
  75  11:25  Void Ray  
  80  11:27  Zealot  
  80  11:29  Sentry  
  80  11:31  Probe  
  85  11:43  Probe  
  85  11:44  Photon Cannon  
  85  11:46  Photon Cannon  
  86  11:55  Observer  
  86  11:56  Protoss Ground Armor Level 1 (Chrono Boost)  
  86  11:57  Twilight Council  
  87  12:01  Probe  
  88  12:13  Probe  
  88  12:14  Void Ray  
  93  12:15  Colossus  
  93  12:21  Protoss Air Armor Level 1 (Chrono Boost)  
  99  12:25  Probe  
  100  12:31  Tempest  
  100  12:33  Tempest  
  112  12:47  Probe (Chrono Boost)  
  113  12:56  Nexus  
  113  12:57  Probe (Chrono Boost)  
  114  12:59  Assimilator  
  114  13:01  Probe (Chrono Boost)  
  115  13:07  Gateway  
  115  13:11  Gateway x2  
  115  13:15  Gateway  
  115  13:22  Carrier  
  101  13:40  Protoss Ground Weapons Level 2 (Chrono Boost)  
  85  13:45  Photon Cannon  
  85  13:47  Photon Cannon  
  85  13:50  Photon Cannon  
  85  13:51  Photon Cannon  
  85  13:54  Photon Cannon, Shield Battery  
  85  13:57  Pylon  
  85  14:02  Observer  
  86  14:04  Phoenix  
  88  14:10  Probe (Chrono Boost)  
  89  14:20  Probe (Chrono Boost), Stargate  
  89  14:24  Observer  
  91  14:25  Probe (Chrono Boost), Phoenix  
  94  14:32  Stalker  
  94  14:34  Colossus  
  94  14:36  Stalker  
  94  14:37  Probe  
  99  14:44  Phoenix  
  105  14:49  Probe  
  105  14:50  Anion Pulse-Crystals (Chrono Boost)  
  108  14:54  Observer Gravitic Boosters (Chrono Boost)  
  108  15:06  Probe (Chrono Boost)  
  109  15:17  Probe (Chrono Boost)  
  109  15:19  Tempest  
  122  15:22  Probe (Chrono Boost)  
  122  15:28  Colossus  
  123  15:30  Pylon  
  123  15:32  Probe  
  123  15:33  Pylon  
  129  15:44  Probe  
  129  15:47  Stalker x3  
  129  15:48  Stalker  
  118  15:57  Stalker  
  138  16:16  Pylon  
Show
View Real Time Build Order
Export as new Build Order

shadow Terran 

Build Orders: MMM Bio 

Get SALT Encoding   

  12  0:14  SCV  
  13  0:25  Supply Depot  
  13  0:27  SCV  
  14  0:42  Refinery  
  14  0:48  Refinery  
  14  1:00  Barracks  
  14  1:11  SCV  
  15  1:23  SCV  
  16  1:36  Engineering Bay  
  16  1:51  Marine  
  17  2:09  Marine  
  18  2:25  SCV  
  18  2:26  Marine  
  20  2:37  SCV  
  21  2:44  Marine  
  21  2:49  Barracks, SCV  
  23  3:07  Command Center  
  23  3:15  Supply Depot  
  23  3:31  Orbital Command  
  23  3:36  Marine  
  23  3:38  Supply Depot, Barracks Tech Lab  
  24  3:49  Barracks  
  24  3:53  Factory  
  24  4:05  Combat Shields  
  24  4:14  Barracks Tech Lab  
  24  4:29  Orbital Command  
  24  4:45  Refinery  
  24  4:46  Refinery  
  20  5:02  Marauder  
  20  5:05  Barracks Reactor  
  22  5:07  Factory Tech Lab  
  22  5:10  Stimpack  
  22  5:24  Concussive Shells, Marauder  
  24  5:39  Cyclone  
  27  5:45  Marauder  
  29  6:02  Marine x2  
  31  6:07  Marauder  
  33  6:11  Cyclone  
  36  6:20  Marine x2  
  38  6:28  Marauder  
  40  6:38  Marine x2  
  42  6:43  Cyclone  
  42  6:44  Command Center  
  38  6:55  Marine  
  38  6:56  Marine  
  28  7:16  Marine x2  
  30  7:23  Refinery  
  30  7:32  Rapid Fire Launchers  
  30  7:34  Marine x2  
  32  7:43  Starport  
  32  7:52  Marine x2  
  34  8:10  Marine x2, Supply Depot  
  36  8:19  Orbital Command  
  36  8:32  Marine x2  
  38  8:34  Supply Depot  
  38  8:37  Marauder  
  40  8:50  Marine x2  
  42  8:58  Supply Depot, Marauder  
  44  9:03  Starport Tech Lab  
  44  9:08  Marine x2  
  46  9:14  Armory  
  39  9:26  Marine x2  
  37  9:43  Marine  
  37  9:44  Marine, Medivac  
  41  9:58  Building Armor  
  41  10:01  Marine x2  
  41  10:02  Thor  
  41  10:04  Terran Vehicle Weapons Level 1  
  49  10:14  Medivac  
  49  10:18  Marauder  
  49  10:19  Marine x2  
  37  10:37  Marine x2  
  37  10:40  Marauder  
  39  10:44  Thor  
  45  10:55  Marine x2  
  44  11:12  Marine  
  44  11:13  Marine  
  41  11:30  Marine x2, Missile Turret  
  40  11:38  Terran Infantry Weapons Level 1  
  34  11:51  Missile Turret  
  34  11:55  SCV  
  35  12:11  Missile Turret  
  35  12:16  SCV  
  36  12:28  SCV  
  37  12:35  Refinery  
  37  12:40  SCV  
  37  12:43  Marine x2  
  40  12:52  SCV  
  41  12:58  Marauder  
  41  13:01  Marine x2  
  45  13:19  Marine x2  
  47  13:20  Marauder  
  49  13:28  Thor  
  53  13:36  Marine  
  53  13:37  Marine  
  57  13:41  Marauder  
  57  13:54  Marine x2  
  59  14:01  Viking  
  63  14:03  Marauder  
  63  14:10  Thor  
  63  14:12  Marine x2  
  71  14:21  Refinery  
  73  14:24  Marauder  
  73  14:31  Viking  
  75  14:43  Marine x2  
  79  14:45  Marauder  
  79  14:53  Thor  
  85  15:01  Marine x2, Viking  
  87  15:19  Marine x2  
  85  15:31  Viking  
  87  15:36  Marine  
  87  15:37  Marine  
  89  15:52  Supply Depot  
  89  16:15  Supply Depot  
Show
View Real Time Build Order
Export as new Build Order

bill Protoss 

Build Orders:  

Get SALT Encoding   

  12  0:09  Probe  
  13  0:19  Pylon  
  13  0:22  Probe  
  14  0:34  Probe  
  15  0:42  Gateway  
  15  0:46  Probe  
  16  0:50  Assimilator  
  16  0:57  Assimilator  
  16  1:03  Probe  
  17  1:10  Pylon  
  17  1:17  Probe, Pylon  
  18  1:37  Gateway  
  18  1:42  Gateway  
  18  1:50  Cybernetics Core  
  18  1:53  Probe  
  19  2:05  Probe  
  20  2:11  Forge  
  20  2:13  Pylon  
  20  2:18  Probe  
  20  2:22  Warp Gate (Chrono Boost)  
  21  2:31  Probe  
  22  2:43  Probe  
  23  2:50  Shield Battery  
  23  2:53  Photon Cannon  
  23  3:01  Photon Cannon  
  23  3:05  Photon Cannon  
  23  3:22  Photon Cannon  
  23  3:24  Protoss Ground Armor Level 1  
  23  3:51  Nexus  
  23  3:56  Assimilator  
  24  4:02  Probe  
  24  4:15  Probe  
  25  4:19  Assimilator  
  25  4:27  Probe  
  26  4:37  Pylon  
  26  4:39  Probe  
  26  4:43  Pylon  
  27  4:47  Stalker  
  27  4:51  Probe  
  30  4:53  Adept  
  30  4:57  Sentry  
  34  5:03  Probe  
  34  5:05  Probe  
  36  5:15  Probe  
  36  5:17  Probe  
  38  5:24  Zealot  
  38  5:27  Probe  
  41  5:28  Protoss Air Armor Level 1  
  41  5:29  Probe  
  41  5:33  Stalker  
  41  5:34  Protoss Ground Weapons Level 1 (Chrono Boost)  
  41  5:35  Sentry  
  46  5:41  Probe  
  47  5:53  Probe  
  48  6:01  Stalker  
  50  6:05  Probe  
  50  6:09  Stalker  
  53  6:13  Stalker  
  53  6:17  Probe  
  56  6:26  Probe  
  56  6:29  Probe  
  56  6:30  Stalker  
  60  6:41  Probe, Adept  
  60  6:45  Adept  
  65  6:54  Probe  
  66  7:03  Protoss Air Weapons Level 1  
  66  7:06  Probe  
  66  7:07  Nexus  
  66  7:08  Protoss Shields Level 1 (Chrono Boost)  
  67  7:12  Stalker  
  67  7:14  Sentry  
  71  7:16  Zealot  
  71  7:17  Stargate  
  73  7:30  Pylon  
  73  7:32  Pylon  
  73  7:35  Pylon  
  73  7:37  Stargate  
  73  7:46  Stargate  
  73  7:56  Stargate  
  73  8:00  Stargate  
  73  8:03  Stargate  
  73  8:05  Stargate  
  73  8:17  Fleet Beacon  
  73  8:22  Photon Cannon  
  73  8:32  Probe  
  75  8:34  Probe  
  75  8:42  Phoenix  
  75  8:44  Probe  
  75  8:46  Probe  
  79  8:49  Pylon  
  79  8:56  Probe, Void Ray  
  79  8:58  Probe  
  85  9:07  Pylon  
  85  9:08  Probe  
  86  9:10  Probe  
  87  9:18  Carrier  
  87  9:19  Carrier  
  87  9:20  Probe  
  87  9:22  Probe  
  101  9:32  Probe  
  102  9:40  Assimilator  
  102  9:42  Assimilator  
  102  9:45  Probe  
  103  9:53  Carrier  
  103  9:56  Protoss Air Weapons Level 2 (Chrono Boost)  
  103  9:57  Probe  
  110  10:09  Probe  
  111  10:21  Probe  
  112  10:23  Carrier  
  112  10:26  Zealot x3  
  124  10:58  Carrier  
  130  11:09  Pylon  
  130  11:11  Pylon  
  130  11:13  Pylon  
  130  11:15  Pylon  
  130  11:19  Photon Cannon  
  130  11:25  Photon Cannon  
  130  11:28  Mothership  
  130  11:31  Pylon, Carrier  
  144  11:35  Pylon  
  144  11:39  Pylon  
  144  11:42  Phoenix x2  
  144  11:46  Zealot  
  144  11:47  Zealot x2  
  154  11:58  Twilight Council  
  154  12:00  Protoss Air Armor Level 2 (Chrono Boost)  
  154  12:02  Photon Cannon  
  154  12:04  Photon Cannon, Carrier  
  160  12:12  Shield Battery  
  160  12:17  Pylon  
  160  12:22  Pylon  
  160  12:27  Zealot x3  
  166  12:36  Robotics Facility  
  166  12:43  Dark Shrine  
  166  12:45  Templar Archives  
  166  12:51  Pylon  
  166  12:55  Carrier  
  172  13:10  Stalker  
  172  13:11  Stalker x2  
  178  13:13  Carrier  
  176  13:45  Carrier x2  
  188  13:53  Photon Cannon  
  188  13:58  Immortal  
  192  14:22  Dark Templar  
  194  14:24  Dark Templar  
  196  14:31  Dark Templar  
  198  15:13  Zealot  
  200  15:25  Nexus  
  200  15:27  Assimilator  
  200  15:31  Assimilator  
  200  15:33  Pylon  
  196  15:37  Pylon  
  196  16:10  Archon  
Show
View Real Time Build Order
Export as new Build Order

jonnnhowss Protoss 

Build Orders:  

Get SALT Encoding   

  12  0:44  Pylon  
  12  0:56  Pylon  
  12  1:06  Probe  
  13  4:15  Assimilator  
  12  7:02  Nexus  
  11  8:43  Pylon  
  11  8:53  Gateway  
  11  9:26  Pylon  
  11  9:40  Assimilator  
  11  10:01  Probe  
  12  10:18  Probe  
  13  10:24  Zealot  
  15  11:20  Probe  
  16  11:32  Probe  
  17  11:53  Probe  
  18  12:16  Probe  
  19  12:41  Probe  
  20  13:05  Probe  
  21  13:17  Probe  
  22  13:29  Probe  
  23  13:41  Probe  
  24  14:37  Probe  
  25  14:58  Probe  
  26  15:10  Probe  
  27  15:22  Probe  
  28  15:42  Probe  
  29  16:08  Pylon  
Show
View Real Time Build Order
Export as new Build Order

Slug Terran 

Build Orders: MMM Bio 

Get SALT Encoding   

  12  0:02  SCV  
  13  0:14  SCV  
  14  0:26  SCV  
  15  0:37  Supply Depot  
  15  1:02  Barracks  
  15  1:05  SCV  
  15  1:10  Refinery  
  16  1:13  Refinery  
  16  1:17  SCV  
  17  1:30  SCV  
  18  1:42  SCV  
  19  1:49  Marine  
  19  1:54  SCV  
  21  1:55  Supply Depot  
  21  2:06  SCV  
  22  2:18  SCV  
  23  2:23  Barracks  
  23  2:24  Barracks Tech Lab  
  23  2:30  SCV  
  24  2:40  Engineering Bay  
  24  2:43  Engineering Bay  
  24  2:48  Stimpack  
  24  2:50  Marine  
  25  2:56  Orbital Command  
  25  3:11  Barracks Tech Lab  
  25  3:13  Barracks  
  25  3:20  Terran Infantry Weapons Level 1  
  25  3:21  Terran Infantry Armor Level 1  
  25  3:38  Combat Shields  
  25  3:42  Marine, Marauder  
  28  4:00  Marine  
  29  4:15  Command Center  
  29  4:18  Marine  
  29  4:19  Barracks Tech Lab  
  30  4:30  Marauder  
  32  4:36  Marine  
  33  4:40  Concussive Shells  
  33  4:42  Marauder  
  35  4:54  Marine  
  36  5:23  SCV  
  36  5:24  Sensor Tower  
  36  5:27  Orbital Command  
  37  5:30  Refinery  
  37  5:35  SCV  
  37  5:36  Marauder x2  
  37  5:37  Marauder  
  37  5:39  Refinery  
  44  5:48  SCV  
  45  5:54  Missile Turret  
  42  6:00  SCV  
  42  6:10  Marine x3  
  44  6:12  SCV  
  41  6:28  Marine x2  
  43  6:34  SCV  
  44  6:57  Missile Turret  
  44  6:58  SCV x2  
  44  6:59  Missile Turret  
  46  7:07  Marine x2  
  48  7:10  SCV x2  
  50  7:17  Missile Turret  
  50  7:22  SCV x2  
  52  7:23  Missile Turret  
  52  7:34  SCV x2  
  54  7:39  Missile Turret  
  45  7:46  SCV x2  
  45  7:53  Marine x3  
  37  7:58  SCV  
  37  7:59  SCV  
  37  8:06  Barracks  
  37  8:10  SCV  
  37  8:11  Marine x3  
  41  8:19  Factory  
  41  8:23  SCV x2  
  43  8:28  Marine  
  43  8:29  Marine x2  
  46  8:35  SCV x2  
  48  8:41  Missile Turret  
  48  8:46  Marine x2  
  48  8:47  Marine  
  51  8:53  Barracks Reactor  
  51  8:56  Barracks  
  51  8:59  Command Center  
  51  9:04  Marine x3  
  51  9:09  Factory Tech Lab  
  54  9:10  Armory  
  54  9:20  Supply Depot  
  54  9:21  Supply Depot  
  54  9:22  Marine x3  
  57  9:33  Siege Tank  
  57  9:36  Marine x2  
  62  9:41  Marine x3  
  65  9:47  Supply Depot  
  65  9:48  Supply Depot  
  65  9:57  Marine x2  
  67  10:04  Terran Infantry Armor Level 2, Terran Infantry Weapons Level 2  
  67  10:14  Orbital Command  
  59  10:46  Orbital Command  
  59  10:47  Marine x2  
  59  10:48  Marine x3  
  64  11:05  Marine x3  
  64  11:06  Marine x2  
  69  11:23  Marine x3  
  69  11:24  Marine x2  
  74  11:41  Marine x3  
  74  11:42  Marine x2  
  79  11:47  Refinery  
  79  11:49  Refinery  
  79  11:52  Starport  
  79  11:59  Marine x2  
  81  12:02  Sensor Tower  
  81  12:24  Terran Infantry Armor Level 3, Terran Infantry Weapons Level 3  
  81  12:27  Marauder x3  
  81  12:29  Starport  
  87  12:35  Siege Tank  
  90  12:48  Marauder x3  
  90  13:07  Siege Tank  
  90  13:09  Marauder  
  90  13:10  Marauder x2  
  96  13:17  Command Center  
  96  13:31  Marauder x3  
  102  13:34  Starport Tech Lab  
  102  13:39  Starport Tech Lab  
  102  13:46  Marine  
  102  13:47  Marine  
  104  13:52  Marauder x3  
  110  13:58  High Capacity Fuel Tanks  
  110  14:00  Medivac x2  
  114  14:04  Marine x2  
  116  14:13  Marine x3  
  119  14:22  Marine x2  
  121  14:26  Supply Depot  
  121  14:30  Terran Vehicle And Ship Armor Level 1  
  121  14:31  Marine x2  
  123  14:43  SCV x2  
  126  14:48  Orbital Command  
  126  14:49  Supply Depot  
  125  14:55  SCV x2  
  125  14:59  Ghost Academy  
  124  15:07  SCV  
  124  15:11  Supply Depot  
  103  15:21  Marine x5  
  108  15:32  Medivac x2  
  112  15:39  Marine x4  
  116  15:53  SCV x3  
  109  16:05  SCV  
  109  16:08  Marine x5  
Tags
 
Add a new tag
Caveats
  • Supply blocks, unpowered buildings, or Contaminate may cause inaccurate times.
  • Supply counts are checked every 10 seconds.